 Dungeon Crawl Stone Soup version 0.17.1-2-g5865329 (webtiles) character file.

556 kaze the Ducker (level 7, 0/67 HPs)
             Began as a Troll Berserker on Jan 25, 2016.
             Was an Elder of Trog.
             Slain by Pikel
             ... wielding a +0 whip of electrocution
              (1 damage)
             ... on level 4 of the Dungeon.
             The game lasted 00:14:27 (2690 turns).

kaze the Ducker (Troll Berserker)                   Turns: 2690, Time: 00:14:27

Health: 0/67       AC:  5    Str: 28    XL:     7   Next: 8%
Magic:  6/6        EV:  9    Int:  3    God:    Trog [****..]
Gold:   114        SH:  8    Dex:  9    Spells: 0 memorised, 6 levels left

rFire  . . .     SeeInvis .       - Unarmed
rCold  . . .     Clarity  .     j - +0 animal skin
rNeg   . . .     SustAt   .     i - +0 shield
rPois  .         Gourm    +     (helmet restricted)
rElec  .         Spirit   .     (no cloak)
rCorr  .         Warding  .     (gloves unavailable)
rMut   .         Stasis   .     (boots unavailable)
MR     +....                    (no amulet)
Stlth  +.........               (no ring)
                                o - ring of protection from magic

@: somewhat resistant to hostile enchantments, very unstealthy
A: unfitting armour, claws 3, fast metabolism 3, gourmand, regeneration 2,
shaggy fur 1, tough skin 2
a: Berserk, Trog's Hand, Brothers in Arms, Burn Spellbooks, Renounce Religion


You were on level 4 of the Dungeon.
You worshipped Trog.
Trog was greatly pleased with you.
You were full.

You visited 1 branch of the dungeon, and saw 4 of its levels.

You collected 114 gold pieces.

Inventory:

Hand Weapons
 m - a +2 quarterstaff of chaos
Armour
 a - a +0 animal skin
 i - a +0 shield (worn)
 j - a +0 animal skin (worn)
Jewellery
 o - a ring of protection from magic (left claw)
Wands
 h - a wand of confusion (21)
Scrolls
 c - 2 scrolls of blinking {unknown}
 d - a scroll of amnesia {unknown}
 g - a scroll of immolation {unknown}
 k - 2 scrolls of magic mapping {unknown}
 l - a scroll of enchant armour {unknown}
 p - 2 scrolls of identify {unknown}
 r - a scroll of random uselessness {unknown}
Potions
 e - a potion of heal wounds {unknown}
 q - a potion of agility {unknown}
Comestibles
 b - 5 bread rations
 n - a slice of pizza
 s - a meat ration


   Skills:
 + Level 3.5 Fighting
 * Level 5.3 Dodging
 + Level 1.7 Shields
 + Level 4.1 Unarmed Combat


You had 6 spell levels left.
You didn't know any spells.

Dungeon Overview and Level Annotations

Branches:
Dungeon (4/15)
 Temple: D:4-7

Altars:

Annotations:
D:4 Pikel


Innate Abilities, Weirdness & Mutations

You are too large for most types of armour.
You have claws for hands.
Your metabolism is lightning-fast.
You like to eat raw meat.
You heal very quickly.
You are covered in fur (AC +1).
You have very tough skin (AC +2).


Message History

Something hits you. You block the slave's attack.
You scratch the slave but do no damage. Something hits you.
The slave hits you but does no damage.
You closely miss the slave. Something hits you.
You are electrocuted!
* * * LOW HITPOINT WARNING * * *
You block the slave's attack. The slave hits you!
* * * LOW HITPOINT WARNING * * *
The slave misses you.
You claw the slave!
The slave is moderately wounded.
The slave hits you.
* * * LOW HITPOINT WARNING * * *
Something hits you but does no damage. The slave barely misses you.
You block the slave's attack.
You scratch the slave.
The slave is heavily wounded.
The slave hits you.
* * * LOW HITPOINT WARNING * * *
Something hits you.
You die...

..........#) # ##
................#.#.
.........#..#......
#.......##........
#........#........
#..........#......
#............##...
#####p................
#..pp@..............(.
#....#p.................
......#......##.........
>.....#......##.........
..... #......##.........
..... ##########........
..## ##.#..... #.
#.#..... #.#.....


You could see 4 slaves.

Vanquished Creatures
  Sigmund (D:3)
  An ogre (D:4)
  Crazy Yiuf (D:2)
  A hound (D:4)
  Jessica (D:2)
  A giant frog skeleton (D:4)
  A worker ant (D:4)
  Robin (D:2)
  7 adders
  2 worms
  The ghost of ololoev the Skirmisher, a weakling DsFi (D:3)
  2 giant geckos
  6 orcs
  9 bats
  4 giant cockroaches
  9 hobgoblins
  4 jackals (D:3)
  3 ball pythons
  A giant gecko skeleton (D:3)
  6 giant newts
  25 goblins
  5 kobolds
  9 rats
101 creatures vanquished.

Notes
Turn   | Place    | Note
--------------------------------------------------------------
     0 | D:1      | kaze the Troll Berserker began the quest for the Orb.
     0 | D:1      | Reached XP level 1. HP: 22/22 MP: 0/0
   176 | D:1      | Reached XP level 2. HP: 29/29 MP: 1/1
   464 | D:1      | Reached ** piety under Trog
   701 | D:2      | Reached XP level 3. HP: 32/36 MP: 2/2
   777 | D:2      | Noticed Jessica
   781 | D:2      | Killed Jessica
   781 | D:2      | Reached XP level 4. HP: 41/45 MP: 3/3
  1124 | D:2      | Noticed Crazy Yiuf
  1132 | D:2      | Killed Crazy Yiuf
  1274 | D:2      | Noticed Robin
  1278 | D:2      | Reached XP level 5. HP: 47/53 MP: 4/4
  1293 | D:2      | Killed Robin
  1306 | D:2      | Reached *** piety under Trog
  1313 | D:2      | Reached skill level 4 in Dodging
  1813 | D:3      | Noticed Sigmund
  1829 | D:3      | Killed Sigmund
  1829 | D:3      | Reached skill level 1 in Shields
  1829 | D:3      | Reached XP level 6. HP: 25/61 MP: 5/5
  1875 | D:3      | Noticed ololoev's ghost (weakling DsFi)
  1882 | D:3      | Killed ololoev's ghost
  2311 | D:3      | Reached **** piety under Trog
  2584 | D:4      | Reached skill level 5 in Dodging
  2656 | D:4      | Reached XP level 7. HP: 67/67 MP: 6/6
  2677 | D:4      | Noticed Pikel
  2688 | D:4      | HP: 1/67 [slave[Pikel] (8)]
  2690 | D:4      | Slain by Pikel

Action                   |  1- 3 |  4- 6 |  7- 9 || total
-------------------------+-------+-------+-------++-------
Melee: Unarmed           |    73 |   177 |    17 ||   267
Invok: Berserk           |       |     2 |       ||     2
       Trog's Hand       |       |     1 |       ||     1
  Eat: Chunk             |     7 |    16 |       ||    23
       Meat ration       |       |     1 |       ||     1
       Royal jelly       |       |     1 |       ||     1
